 Dungeon Crawl Stone Soup version 0.28-b1-70-g80dc712255 (webtiles) character file.

Game seed: 13842277648060444619

219 tizbic2 the Bolt Thrower (level 5, -1/41 HPs)
             Began as a Demonspawn Hunter on Feb 3, 2022.
             Was an Initiate of Makhleb.
             Slain by a polar bear (17 damage)
             ... created by the rage of Trog
             ... on level 4 of the Dungeon.
             The game lasted 00:13:50 (2138 turns).

tizbic2 the Bolt Thrower (Demonspawn Hunter)        Turns: 2138, Time: 00:13:50

Health: -1/41      AC:  5    Str: 13    XL:     5   Next: 64%
Magic:  5/5        EV: 13    Int: 12    God:    Makhleb [......]
Gold:   100        SH:  0    Dex: 21    Spells: 4/4 levels left

rFire   . . .      SeeInvis .   e - staff of conjuration
rCold   . . .      Faith    .   (no shield)
rNeg    . . .      Spirit   .   c - +0 leather armour
rPois   .          Reflect  .   (helmet restricted)
rElec   .          Harm     .   (no cloak)
rCorr   .          Rampage  .   (no gloves)
Will    .....                   (no boots)
Stlth   ++........              l - amulet of regeneration
HPRegen 0.93/turn               k - +6 ring of dexterity
MPRegen 0.09/turn               (no ring)

@: no status effects
A: antennae 1, slimy green scales 1, spiny 2
a: Renounce Religion


You were on level 4 of the Dungeon.
You worshipped Makhleb.
Makhleb was noncommittal.
You visited 1 branch of the dungeon, and saw 4 of its levels.

You collected 100 gold pieces.

Inventory:

Hand Weapons
 a - a +2 hand crossbow
 w - a +1 dagger of venom
Missiles
 d - 24 bolts
 g - 97 stones
 j - 2 boomerangs (quivered)
 n - 4 atropa-tipped darts
 p - 8 poisoned darts
Armour
 c - a +0 leather armour (worn)
Magical Staves
 e - a staff of conjuration (weapon)
Jewellery
 k - a +6 ring of dexterity (left hand)
 l - an amulet of regeneration (around neck)
Scrolls
 b - a scroll of teleportation
 h - 2 scrolls of enchant weapon
 i - a scroll of magic mapping {unknown}
 o - a scroll of fog
Potions
 f - 2 potions of curing {unknown}
 m - a potion of invisibility {unknown}
 q - a potion of heal wounds {unknown}


   Skills:
 + Level 3.0 Fighting
 + Level 4.1 Crossbows
 * Level 3.3 Dodging
 - Level 0.8 Stealth
 * Level 2.7 Unarmed Combat
 * Level 0.2 Invocations


You had 4 spell levels left.
You didn't know any spells.
Your spell library was empty.

Dungeon Overview and Level Annotations

Branches:
Dungeon (4/15)
 Temple: D:4-7

Altars:
Makhleb
Trog

Annotations:
D:3 1 runed translucent door, zeram's ghost, amateur SpFi


Innate Abilities, Weirdness & Mutations

You have a pair of small antennae on your head.
You are partially covered in slimy green scales. (AC +2)
You are mostly covered in sharp spines.


Message History

Fire: 24 bolts
Press: ? - help, Q - select action, (/) - cycle Shift-Dir - straight line, f - adder
Aim: an adder (asleep, 98% to hit)
You shoot a bolt. The bolt hits the adder!
The adder hisses angrily.
The adder is severely wounded.
Fire: 23 bolts
Press: ? - help, Q - select action, (/) - cycle Shift-Dir - straight line, f/p - adder
Aim: an adder (severely wounded, 56% to hit)
You shoot a bolt. The bolt hits the adder!
You kill the adder!
Makhleb accepts your kill.
d - 23 bolts (gained 1)
You see here an adder corpse.
d - 24 bolts (gained 1)
Okay, then.
e - a staff of conjuration (weapon)
You hit the giant cockroach but do no damage.
The giant cockroach bites you but does no damage. x2
You hit the giant cockroach.
The giant cockroach is lightly wounded.
The giant cockroach is struck by your spines.
The giant cockroach barely misses you.
You hit the giant cockroach but do no damage.
The giant cockroach is moderately wounded.
The giant cockroach is struck by your spines.
You kill the giant cockroach!
Makhleb accepts your kill.
You see here a giant cockroach corpse.
q - a fizzy white potion
Found a mace.
Trog sends monsters to punish you. 4 polar bears and 2 black bears come into view.
The polar bear closely misses you. The polar bear claws you.
The polar bear misses you. The polar bear bites you!!
Ouch! That really hurt!
The polar bear completely misses you. The polar bear barely misses you.
The polar bear bites you!
You die...

#†.# .#
#..# #
#..# #..#
#hh# #h.#
#hh# #h.#
#.@#
#.........
#..##....#
#.). ...+
##.# ..#
#.# .. ..#
. ..#


You could see 4 polar bears and 2 black bears.

Vanquished Creatures
  An ogre (D:3)
  A scorpion (D:3)
  3 adders
  A worm (D:3)
  5 ball pythons
  3 endoplasms
  5 giant cockroaches
  8 goblins
  3 hobgoblins
  5 kobolds
  A quokka (D:2)
  2 bats
  3 frilled lizards
  7 rats
48 creatures vanquished.

Notes
Turn   | Place    | Note
-------+----------+-------------------------------------------
     0 | D:1      | tizbic2 the Demonspawn Hunter began the quest for the Orb.
     0 | D:1      | Reached XP level 1. HP: 16/16 MP: 1/1
   258 | D:1      | Gained mutation: You are partially covered in slimy green
                  | scales. (AC +2) [demonic ancestry]
   258 | D:1      | Reached XP level 2. HP: 20/22 MP: 2/2
   348 | D:1      | Reached skill level 1 in Unarmed Combat
   980 | D:2      | Gained mutation: You are partially covered in sharp spines.
                  | [demonic ancestry]
   980 | D:2      | Reached XP level 3. HP: 28/28 MP: 3/3
  1196 | D:2      | You fall into a shaft and drop 2 floors!
  1287 | D:3      | Noticed an ogre
  1301 | D:3      | Killed an ogre
  1302 | D:3      | Gained mutation: You have a pair of small antennae on your
                  | head. [demonic ancestry]
  1302 | D:3      | Reached XP level 4. HP: 11/34 MP: 4/4
  1634 | D:3      | Reached skill level 4 in Crossbows
  1643 | D:3      | Gained mutation: You are mostly covered in sharp spines.
                  | [demonic ancestry]
  1643 | D:3      | Reached XP level 5. HP: 40/40 MP: 5/5
  1677 | D:3      | Found a runed translucent door.
  1690 | D:3      | Noticed zeram's ghost (amateur SpFi)
  1813 | D:3      | Found a faded altar of an unknown god.
  1816 | D:3      | Prayed at the altar of an unknown god.
  1816 | D:3      | Became a worshipper of Trog the Wrathful
  1816 | D:3      | Reached * piety under Trog
  1954 | D:3      | Found a burning altar of Makhleb.
  1989 | D:3      | Fell from the grace of Trog
  1989 | D:3      | Became a worshipper of Makhleb the Destroyer
  2136 | D:4      | Noticed a polar bear
  2136 | D:4      | Noticed a polar bear
  2136 | D:4      | Noticed a black bear
  2136 | D:4      | Noticed a polar bear
  2136 | D:4      | Noticed a polar bear
  2136 | D:4      | Noticed a black bear
  2138 | D:4      | Slain by a polar bear

Illustrated notes

Levels and vault maps discovered:
D:1:      sevenhm_arrival_forest_fort_small_3, layout_basic
D:2:      layout_basic, hex_medium, st_stairs_6
D:3:      layout_rooms, mainiacjoe_overflow_alcove_2,
          shapermc_ecumenical_altar_mp_vishouse, ebering_ghost_inner_flame
D:4:      layout_basic, amcnicky_altar_gilded, trog_butcher_becter,
          serial_undead, serial_undead_d, serial_undead_a, serial_undead_e,
          serial_undead_e, uniq_menkaure, uniq_natasha, uniq_pikel

Skill      XL: |  1  2  3  4  5 |
---------------+----------------+-----
Dodging        | 2 3 |  3.3
Unarmed Combat | 1 2 |  2.7
Crossbows      | 4 |  4.1
Fighting       | 3 |  3.0
Stealth        | |  0.8
Invocations    | |  0.2

Action                   |  1- 3 |  4- 6 || total
-------------------------+-------+-------++-------
Melee: Short sword       |     9 |       ||     9
       Unarmed           |     5 |       ||     5
       Dagger            |    42 |    18 ||    60
       Punch             |     1 |     1 ||     2
       Staff             |       |     3 ||     3
 Fire: Hand crossbow     |    45 |    11 ||    56
Throw: Stone             |     9 |       ||     9
       Boomerang         |       |     4 ||     4
  Use: Scroll            |       |     3 ||     3
Armor: Leather armour    |    20 |     9 ||    29
Dodge: Dodged            |    39 |    13 ||    52
